 Dungeon Crawl Stone Soup version 0.29-a0-824-gd827844252 (webtiles) character file.

Game seed: 5864329634540482933

5 jimonade the Vexing (level 1, 0/12 HPs)
             Began as a Kobold Arcane Marksman on July 9, 2022.
             Slain by a bat (1 damage)
             ... on level 1 of the Dungeon.
             The game lasted 00:01:38 (476 turns).

jimonade the Vexing (Kobold Arcane Marksman)         Turns: 476, Time: 00:01:38

Health: 0/12       AC:  2    Str:  7    XL:     1   Next: 88%
Magic:  2/2        EV: 12    Int: 14    God:
Gold:   11         SH:  0    Dex: 15    Spells: 1/2 levels left

rFire   . . .      SeeInvis .   a - +0 sling
rCold   . . .      Faith    .   (no shield)
rNeg    . . .      Spirit   .   c - +0 robe
rPois   .          Reflect  .   (no helmet)
rElec   .          Harm     .   (no cloak)
rCorr   .          Rampage  .   (no gloves)
Will    .....                   (no boots)
Stlth   ++........              (no amulet)
HPRegen 0.04/turn               (no ring)
MPRegen 0.08/turn               (no ring)

@: constricted
A: small, no large weapons, nightstalker 3
a: no special abilities


You were on level 1 of the Dungeon.
You visited 1 branch of the dungeon, and saw 1 of its levels.

You collected 11 gold pieces.

Inventory:

Hand Weapons
 a - a +0 sling (weapon)
Armour
 c - a +0 robe (worn)
Scrolls
 b - a scroll of vulnerability


   Skills:
 * Level 1.2 Fighting
 + Level 2.9 Ranged Weapons
 + Level 2.4 Dodging
 * Level 1.2 Spellcasting
 + Level 3.1 Hexes


You had one spell level left.
You knew the following spells:

 Your Spells              Type           Power      Damage    Failure   Level
a - Slow                  Hex            36%        N/A       7%          1

Your spell library contained the following spells:

 Spells                   Type           Power      Damage    Failure   Level
 Inner Flame              Hex/Fire       5%         N/A       38%         3
 Portal Projectile        Hex/Tloc       10%        N/A       38%         3
 Cause Fear               Hex            4%         N/A       56%         4


Dungeon Overview and Level Annotations

Branches:
Dungeon (1/15)

Altars:


Innate Abilities, Weirdness & Mutations

You are small and have problems with some larger weapons.
You are completely attuned to the shadows.


Message History

You shoot a sling bullet.
The sling bullet barely misses the giant cockroach.
The giant cockroach closely misses you.
Fire: a) +0 sling
Press: ? - help, Q - select action, (/) - cycle Shift-Dir - straight line, f/p - giant cockroach
Aim: a giant cockroach (56% to hit)
You shoot a sling bullet.
The sling bullet hits the giant cockroach.
You kill the giant cockroach!
You see here a giant cockroach corpse.
HP restored.
You see here 2 stones.
You see here 2 stones.
You open the door.
There is an open door here.
A bat and a ball python come into view.
The ball python hisses angrily.
The bat barely misses you. The ball python completely misses you.
The ball python barely misses you. The ball python bites you.
The ball python misses you. The bat misses you. The ball python bites you.
The ball python misses you. The ball python misses you.
The ball python grabs you. The ball python constricts you. The bat hits you.
The bat hits you. The ball python closely misses you.
The ball python constricts you. The ball python misses you.
The ball python constricts you. The bat hits you but does no damage.
The bat hits you. The ball python closely misses you.
The ball python constricts you. The ball python bites you.
* * * LOW HITPOINT WARNING * * *
The ball python constricts you.
* * * LOW HITPOINT WARNING * * *
The bat completely misses you. The bat hits you but does no damage.
The ball python closely misses you. The ball python constricts you.
The bat barely misses you. The ball python misses you.
The ball python constricts you.
* * * LOW HITPOINT WARNING * * *
The ball python barely misses you. The ball python constricts you.
The bat hits you.
You die...

.....#...........##
##.#.#.#...........
###........#.#######
#.....#+##.#.# #.
#.#........ ##
#$..#....## #.
###.#...... #.
#.#....## #.
#@b...## ##
#...S.### #.......
#.....### #.....#
#### ##..##


You could see a bat and a ball python.

Vanquished Creatures
  An endoplasm (D:1)
  2 giant cockroaches (D:1)
  2 ball pythons (D:1)
5 creatures vanquished.

Notes
Turn   | Place    | Note
-------+----------+-------------------------------------------
     0 | D:1      | jimonade the Kobold Arcane Marksman began the quest for the
                  | Orb.
     0 | D:1      | Reached XP level 1. HP: 12/12 MP: 2/2
   476 | D:1      | Slain by a bat

Illustrated notes

Levels and vault maps discovered:
D:1:      shiori_arrival_elements, layout_basic, chequers_serial_rivers_room_a,
          minmay_misc_feat_doors, minmay_stone_trees_small

Action                   || total
-------------------------++-------
 Fire: Sling             ||    23
 Cast: Slow              ||     2
Armor: Robe              ||     4
Dodge: Dodged            ||    26

Table legend: (Time is in decaauts)
 A = Elapsed time spent in this place.
 B = Non-inter-level travel time spent in this place.
 C = Inter-level travel time spent in this place.
 D = Time resting spent in this place.
 E = Time spent auto-exploring this place.
 F = Levels seen in this place.
 G = Mean time per level.
                   A        B        C        D        E       F      G
               +--------+--------+--------+--------+--------+-----+--------+
         Total |    482 |    482 |      0 |      0 |    422 |   1 |  482.0 |
       Dungeon |    482 |    482 |      0 |      0 |    422 |   1 |  482.0 |
               +--------+--------+--------+--------+--------+-----+--------+

Top non-repeatable levels by time:
     D:1: 482 daAuts
